 Dungeon Crawl Stone Soup version 0.19-a0-1167-g79b6552 (webtiles) character file.

429 Jmtri7 the Cleaver (level 6, -4/51 HPs)
             Began as a Hill Orc Fighter on Aug 14, 2016.
             Was a Follower of Qazlal.
             Slain by Sigmund
             ... wielding a +1 scythe of venom
              (12 damage)
             ... on level 5 of the Dungeon.
             The game lasted 00:09:28 (2924 turns).

Jmtri7 the Cleaver (Hill Orc Fighter)               Turns: 2924, Time: 00:09:29

Health: -4/51      AC:  9    Str: 21    XL:     6   Next: 98%
Magic:  6/6        EV:  8    Int:  8    God:    Qazlal [*.....]
Gold:   201        SH: 10    Dex: 10    Spells: 0 memorised, 5 levels left

rFire  . . .     SeeInvis .     x - +1 spear (vamp)
rCold  . . .     Gourm    .     z - +0 ring mail
rNeg   + . .     Faith    .     c - +0 shield
rPois  .         Spirit   .     y - +0 helmet
rElec  .         Dismiss  .     (no cloak)
rCorr  .         Reflect  .     i - +2 pair of gloves
MR     .....     Harm     +     (no boots)
Stlth  ..........               C - amulet of harm
                                (no ring)
                                u - ring of positive energy

@: lethally poisoned (-4 -> -25), drained
A: no striking features
a: Renounce Religion


You were on level 5 of the Dungeon.
You worshipped Qazlal.
Qazlal was aware of your devotion.
You were not hungry.

You visited 1 branch of the dungeon, and saw 5 of its levels.

You collected 201 gold pieces.

Inventory:

Hand Weapons
 a - a +0 war axe
 x - a +1 vampiric spear (weapon)
Armour
 b - a +0 scale mail
 c - a +0 shield (worn)
 i - a +2 pair of gloves (worn)
 q - a +0 hat
 y - a +0 helmet (worn)
 z - a +0 ring mail (worn)
Jewellery
 u - a ring of positive energy (left hand)
 C - an amulet of harm (around neck)
Scrolls
 h - 3 scrolls of identify
 k - 3 scrolls of fog
 n - 4 scrolls of remove curse
 o - 3 scrolls of amnesia {unknown}
 p - 3 scrolls of enchant armour {unknown}
 D - a scroll of teleportation {unknown}
Potions
 d - 3 potions of might
 e - 4 potions of heal wounds {unknown}
 j - 2 potions of curing {unknown}
 m - 3 potions of lignification {unknown}
 r - 2 potions of haste {unknown}
 s - a potion of resistance {unknown}
 v - a potion of degeneration {unknown}
 w - a potion of ambrosia {unknown}
 B - 3 potions of flight {unknown}
Comestibles
 f - 4 bread rations
 g - a royal jelly
 l - 2 chunks of flesh
 t - 3 fruits
 A - a meat ration


   Skills:
 - Level 3.6(2.9) Fighting
 + Level 9.5(8.6) Axes
 - Level 3.2(2.5) Armour
 - Level 3.2(2.5) Shields


You had 5 spell levels left.
You didn't know any spells.

Dungeon Overview and Level Annotations

Branches:
Dungeon (5/15)
 Temple: D:4-7

Altars:
Makhleb
Qazlal
Trog
Uskayaw

Annotations:
D:5 Bigslacks's ghost, novice OpAs; Sigmund


Message History

You miss Bigslacks's ghost.
Bigslacks's ghost is heavily damaged.
You feel sick. Something hits you.
* * * LOW HITPOINT WARNING * * *
You are more poisoned.
You block Bigslacks's ghost's attack.
You hit Bigslacks's ghost but do no damage.
Bigslacks's ghost is heavily damaged.
* * * LOW HITPOINT WARNING * * *
You feel sick. You block Bigslacks's ghost's attack.
You hit Bigslacks's ghost.
Bigslacks's ghost is heavily damaged.
* * * LOW HITPOINT WARNING * * *
You feel sick. Something hits you.
* * * LOW HITPOINT WARNING * * *
Bigslacks's ghost hits you but does no damage.
You partially resist.
You feel drained.
* * * LOW HITPOINT WARNING * * *
You feel sick. Something hits you!
You die...

#### .
#.<### ...
#....#
..#.(##@...#
.....{W....#
..#..##.####
.... #.# ...
#.# ## ...
... ....
.....


You could see Bigslacks's ghost.

Vanquished Creatures
  An ogre (D:4)
  2 hounds (D:4)
  An orc priest (D:4)
  2 orc wizards (D:4)
  A worker ant (D:4)
  A worker ant zombie (D:4)
  Robin (D:4)
  4 adders
  3 oozes
  An adder skeleton (D:4)
  2 worms (D:2)
  2 dart slugs (D:3)
  7 giant geckos
  5 orcs (D:3)
  A ball python (D:1)
  3 giant cockroaches
  18 goblins
  10 hobgoblins
  10 kobolds
  2 quokkas (D:3)
  2 bats
  4 giant newts
  23 rats
106 creatures vanquished.

Notes
Turn   | Place    | Note
-------+----------+-------------------------------------------
     0 | D:1      | Jmtri7 the Hill Orc Fighter began the quest for the Orb.
     0 | D:1      | Reached XP level 1. HP: 19/19 MP: 1/1
     6 | D:1      | Reached skill level 3 in Axes
    32 | D:1      | Reached XP level 2. HP: 22/26 MP: 2/2
   133 | D:1      | Reached skill level 4 in Axes
   613 | D:1      | Reached XP level 3. HP: 27/31 MP: 3/3
   865 | D:2      | Found a stormy altar of Qazlal.
   910 | D:2      | Reached skill level 5 in Axes
   991 | D:2      | Found a hide-covered altar of Uskayaw.
  1013 | D:2      | Reached XP level 4. HP: 22/39 MP: 4/4
  1453 | D:3      | Reached skill level 6 in Axes
  1464 | D:3      | Found a burning altar of Makhleb.
  1577 | D:2      | Became a worshipper of Qazlal Stormbringer
  1738 | D:3      | Reached XP level 5. HP: 42/45 MP: 5/5
  1988 | D:4      | Noticed Robin
  1996 | D:4      | Reached skill level 7 in Axes
  2003 | D:4      | Killed Robin
  2015 | D:4      | Reached * piety under Qazlal
  2219 | D:4      | Reached skill level 8 in Axes
  2219 | D:4      | Reached XP level 6. HP: 24/51 MP: 6/6
  2530 | D:4      | Reached skill level 9 in Axes
  2598 | D:4      | Noticed a moth of wrath
  2601 | D:4      | Found a bloodstained altar of Trog.
  2907 | D:5      | Entered Level 5 of the Dungeon
  2912 | D:5      | Noticed Bigslacks's ghost (novice OpAs)
  2913 | D:5      | Noticed Sigmund
  2924 | D:5      | Slain by Sigmund

Vault maps used:
D:1:      erik_arrival_orb_chamber
D:2:      eat_drink_and_be_merry_uskayaw, overflow_temple_1_default
D:3:      old_standard_altar, minmay_goblin_kobold_house
D:4:      first_bread, tgw_trog, uniq_robin
D:5:      good_gods_temple_1, gammafunk_temple_overflow_pools,
          grunt_decor_resistance, uniq_duvessa, uniq_sigmund

Skill      XL: |  1  2  3  4  5  6 |
---------------+-------------------+-----
Axes           | 3 4 5 6 8 9 |  9.5
Fighting       | |  3.6
Armour         | |  3.2
Shields        | |  3.2

Action                   |  1- 3 |  4- 6 || total
-------------------------+-------+-------++-------
Melee: War axe           |   106 |   199 ||   305
       Spear             |       |    43 ||    43
  Use: Scroll            |       |     4 ||     4
  Eat: Chunk             |       |     8 ||     8
       Royal jelly       |       |     2 ||     2
Armor: Scale mail        |    50 |    74 ||   124
       Ring mail         |       |    38 ||    38
Dodge: Dodged            |    22 |    57 ||    79
Block: Shield            |    44 |   126 ||   170
